[Event "Saturday Night engine Tour 9 Rd Swiss 7m+1s Starts at 2200hrs ST"]
[Site "Infinity Chess"]
[Date "2018.1.20"]
[Round "6"]
[White "Cepri"]
[Black "MarioDeMonti"]
[Result "1/2-1/2"]
[ECO "D11"]
[WhiteElo "2486"]
[BlackElo "2497"]
[WhiteEngine "asmFishW_12J18Mb_CTG"]
[BlackEngine "stockfish_x64_bmi2_2018_01_13_CTG"]
[EventType "Swiss"]
[WhiteTeam ""]
[BlackTeam ""]
[PlyCount "132"]
[TimeControl "420+1"]

1. d4 d5 2. c4 c6 3. Nf3 Nf6 4. g3 e6 5. Bg2 b6 6. O-O Bb7 7. Nc3 Be7 8. Nd2 O-O 
9. e4 Na6 10. e5 Nd7 11. cxd5 cxd5 12. Qg4 Nb4 13. Nf3 Kh8 14. Rd1 Rc8 
15. Ne1 Ba6 16. Be3 Nc6 17. h4 Qe8 18. Rab1 Na5 19. Ne2 Nc4 20. Nf4 Nxe3 
21. fxe3 Bc4 22. Ra1 Nb8 23. Kh2 a5 24. e4 dxe4 25. Bxe4 Nd7 26. Bb7 Rc7 
27. Bg2 Qb8 28. Nf3 Ba6 29. Rd2 Bb7 30. Rad1 Qc8 31. a3 Rc2 32. Ne1 Rxd2 
33. Rxd2 Bxg2 34. Rxg2 Qb7 35. Rc2 Rc8 36. Rf2 Rf8 37. Re2 b5 38. Qf3 Qxf3 
39. Nxf3 Rc8 40. d5 exd5 41. Rd2 d4 42. Kh3 Kg8 43. Rxd4 Nb6 44. Nd5 Nxd5 
45. Rxd5 Rc5 46. Rd7 Bf8 47. Rd8 g6 48. b4 Rc3 49. Nd4 axb4 50. axb4 Re3 
51. Nxb5 Rxe5 52. Nc7 Re3 53. Nd5 Rb3 54. h5 gxh5 55. Ne7+ Kg7 56. Nf5+ Kg8 
57. Ne7+ Kg7 58. Nf5+ Kf6 59. Rxf8 Kxf5 60. Rxf7+ Kg6 61. Rb7 Kf6 62. Kh4 Kf5 
63. Rxh7 Rxb4+ 64. Kxh5 Kf6 65. Rh6+ Kg7 66. Rg6+ Kh7 1/2-1/2

[Event "Saturday Night engine Tour 9 Rd Swiss 7m+1s Starts at 2200hrs ST"]
[Site "Infinity Chess"]
[Date "2018.1.20"]
[Round "5"]
[White "BraveDevil"]
[Black "AHGST"]
[Result "1/2-1/2"]
[ECO "D15"]
[WhiteElo "2438"]
[BlackElo "2442"]
[WhiteEngine "Cryptic AIL V1"]
[BlackEngine "EngineDeepShredder13UCIx64"]
[EventType "Swiss"]
[WhiteTeam ""]
[BlackTeam ""]
[PlyCount "222"]
[TimeControl "420+1"]

1. d4 d5 2. c4 c6 3. Nf3 Nf6 4. Nc3 e6 5. e3 Nbd7 6. h3 Bd6 7. Bd3 O-O 
8. O-O dxc4 9. Bxc4 e5 10. Qc2 exd4 11. exd4 Nb6 12. Bb3 h6 13. Bxh6 gxh6 
14. Qg6+ Kh8 15. Qxh6+ Nh7 16. Ne4 Be7 17. g4 Nd7 18. Rae1 Rg8 19. Ng3 Bf8 
20. Qh5 Rg7 21. g5 Nb6 22. Bxf7 Rxg5 23. Nxg5 Qxg5 24. Re5 Qxh5 25. Rxh5 Nd7 
26. Rh4 Ndf6 27. Kh1 Bd7 28. Rg1 Be7 29. Bg6 Be6 30. Nf5 Bf8 31. a3 Rd8 
32. Ne3 c5 33. dxc5 Bxc5 34. b4 Bb6 35. a4 Bd7 36. b5 Be6 37. Kg2 Rd2 
38. Kf1 Bb3 39. Rg5 Rd4 40. Rh6 Rf4 41. Ng4 Bg8 42. Bd3 Nxg4 43. hxg4 Rxf2+ 
44. Ke1 Rf3 45. Bf5 Re3+ 46. Kd2 Re7 47. Rh3 Ba5+ 48. Kd1 Bd8 49. Rgh5 Rf7 
50. Kc2 b6 51. Kd1 Be7 52. Ke2 Rg7 53. Kf2 Bf6 54. Ke3 Bg5+ 55. Ke2 Be7 
56. Ke3 Bg5+ 57. Ke4 Bd8 58. Rh6 Bg5 59. R6h5 Bd8 60. Kf4 Be7 61. Kg3 Bg5 
62. Kf2 Bf6 63. Kg3 Bg5 64. Be4 Bd2 65. Kf3 Bg5 66. Rh2 Rf7+ 67. Kg2 Rg7 
68. Kf3 Rf7+ 69. Kg2 Rg7 70. Rh1 Be7 71. Kf2 Bc5+ 72. Ke2 Be7 73. Kf2 Bc5+ 
74. Ke2 Be7 75. Kf3 Bg5 76. R1h3 Bf6 77. Ke2 Bd8 78. Kf3 Bg5 79. Kg3 Bd2 
80. Bd3 Bg5 81. Bf5 Be7 82. Rh1 Bd6+ 83. Kf2 Rf7 84. Kg2 Re7 85. Bd3 Rg7 
86. Kf2 Be7 87. Ke3 Bg5+ 88. Kf2 Be7 89. Kf3 Bg5 90. R1h2 Be7 91. Rh1 Bg5 
92. R1h3 Be7 93. Re5 Bd6 94. Re8 Rf7+ 95. Kg2 Re7 96. Bxh7 Rxh7 97. Ra8 Bb4 
98. Rxh7+ Kxh7 99. Kg3 Be6 100. Rxa7+ Kg6 101. Kf4 Bb3 102. Ke5 Bd1 103. Ra6 Ba5 
104. Kd6 Kg5 105. Ra7 Bxg4 106. Ke5 Bd1 107. Kd6 Be2 108. Rxa5 bxa5 109. b6 Bf3 
110. Kc7 Kf4 111. Kc8 Ke5 1/2-1/2

[Event "Saturday Night engine Tour 9 Rd Swiss 7m+1s Starts at 2200hrs ST"]
[Site "Infinity Chess"]
[Date "2018.1.20"]
[Round "5"]
[White "OlivierEvan"]
[Black "star99"]
[Result "1-0"]
[ECO "A05"]
[WhiteElo "2407"]
[BlackElo "2441"]
[WhiteEngine "Houdini 6"]
[BlackEngine "Cryptic AIL V1"]
[EventType "Swiss"]
[WhiteTeam ""]
[BlackTeam ""]
[PlyCount "209"]
[TimeControl "420+1"]

1. Nf3 Nf6 2. d4 d5 3. c4 e6 4. Nc3 c6 5. e3 Nbd7 6. Qc2 Bd6 7. Bd3 O-O 
8. O-O dxc4 9. Bxc4 a6 10. Rd1 b5 11. Bd3 Bb7 12. Ng5 h6 13. Nge4 Bc7 
14. a3 Nxe4 15. Nxe4 a5 16. b3 f5 17. Nc5 Nxc5 18. dxc5 Qe7 19. Bb2 a4 
20. b4 Rae8 21. e4 Bc8 22. e5 Rd8 23. Be2 Rxd1+ 24. Rxd1 Bd7 25. Bf3 Be8 
26. h3 Qf7 27. Qe2 Bd7 28. g3 Rd8 29. Bc3 Be8 30. Rd6 f4 31. Bxc6 Bxc6 
32. Rxc6 fxg3 33. fxg3 Rd5 34. Kg2 Qd7 35. Ra6 Bxe5 36. Ra8+ Kf7 37. Qf3+ Kg6 
38. Qe4+ Kf6 39. Qf4+ Kg6 40. Qg4+ Kf7 41. Qh5+ Ke7 42. Qf3 Bf6 43. Rb8 Rf5 
44. Qa8 Be5 45. Rb7 Bc7 46. Ra7 g5 47. Be1 Rd5 48. Bf2 Rd2 49. Qe4 Kf8 
50. h4 gxh4 51. Ra8+ Kg7 52. Qg4+ Kf7 53. Qg8+ Kf6 54. Rf8+ Ke5 55. gxh4 Qd5+ 
56. Rf3 Rxf2+ 57. Kxf2 Qd2+ 58. Kf1 Qd1+ 59. Kg2 Qe2+ 60. Rf2 Qe4+ 61. Kh3 Qh1+ 
62. Rh2 Qf1+ 63. Qg2 Qf5+ 64. Qg4 Qf1+ 65. Rg2 Kd5 66. Qe2 Qf5+ 67. Rg4 h5 
68. Qg2+ Ke5 69. Qb2+ Kd5 70. Qd4+ Kc6 71. Qe4+ Qxe4 72. Rxe4 Kd5 73. Re1 Bf4 
74. Kg2 e5 75. Kf3 Bh2 76. Re4 Bg1 77. Kg2 Bd4 78. Rxd4+ exd4 79. Kf2 Ke5 
80. Kf3 Kf5 81. c6 Ke6 82. Ke4 d3 83. Kxd3 Kd6 84. Ke4 Kxc6 85. Ke5 Kb7 
86. Kd6 Kb6 87. Kd5 Kb7 88. Kc5 Ka6 89. Kc6 Ka7 90. Kxb5 Kb7 91. Kxa4 Kb6 
92. b5 Kc5 93. Ka5 Kd6 94. b6 Kc5 95. b7 Kd4 96. b8=Q Ke3 97. Kb5 Ke4 
98. Qg3 Kf5 99. Qg5+ Ke4 100. Kc4 Kf3 101. Kd3 Kf2 102. Ke4 Ke1 103. Qg2 Kd1 
104. Kd3 Kc1 105. Qc2# 1-0

[Event "Saturday Night engine Tour 9 Rd Swiss 7m+1s Starts at 2200hrs ST"]
[Site "Infinity Chess"]
[Date "2018.1.20"]
[Round "5"]
[White "tris77"]
[Black "Cepri"]
[Result "0-1"]
[ECO "C65"]
[WhiteElo "2449"]
[BlackElo "2471"]
[WhiteEngine "stockfish_17091709_x64_CTG"]
[BlackEngine "asmFishW_12J18Mb_CTG"]
[EventType "Swiss"]
[WhiteTeam ""]
[BlackTeam ""]
[PlyCount "172"]
[TimeControl "420+1"]

1. e4 e5 2. Nf3 Nc6 3. Bb5 Nf6 4. O-O Nxe4 5. d4 Nd6 6. Bxc6 dxc6 7. dxe5 Nf5 
8. Qxd8+ Kxd8 9. Nc3 Bd7 10. Rd1 Kc8 11. Ng5 Be8 12. Rd3 b6 13. g4 Ne7 
14. Be3 Ng6 15. f4 h5 16. gxh5 Rxh5 17. e6 f6 18. Rad1 Be7 19. Nge4 Rh4 
20. Ng3 Rxf4 21. Bxf4 Nxf4 22. R3d2 Nxe6 23. Nce4 a5 24. a3 a4 25. Re1 Bf7 
26. Kf1 Ra5 27. Rf2 Rb5 28. c3 Bf8 29. Ree2 Nd8 30. Rf4 Kb7 31. Ke1 c5 
32. Rh4 c4 33. Nf2 Nc6 34. Rh8 Bd6 35. Rh7 Ne5 36. Rxg7 Bf8 37. Rh7 Bg6 
38. Rh8 Be7 39. Ng4 Nd3+ 40. Kf1 Bc5 41. Rh6 Nf4 42. Rxg6 Nxg6 43. Ne4 Bxa3 
44. bxa3 f5 45. Ne3 fxe4 46. Nxc4 Rb3 47. Re3 Nf4 48. Rxe4 Nd5 49. h4 Rxc3 
50. Kf2 Kc6 51. Ne5+ Kb5 52. Rd4 c6 53. Nf3 Rxa3 54. h5 Ra2+ 55. Kg3 Nf6 
56. h6 c5 57. Rd8 Ra1 58. Kf4 Rf1 59. Rf8 a3 60. Ra8 Kb4 61. Ra6 Nd5+ 
62. Kg3 Rh1 63. Nh2 Rg1+ 64. Kh4 Rg8 65. Nf3 c4 66. Nd4 Rg2 67. Nf3 Rg6 
68. Kh5 Nf4+ 69. Kh4 c3 70. h7 Rh6+ 71. Kg5 Rh5+ 72. Kg4 c2 73. Rxb6+ Kc5 
74. Ra6 Rxh7 75. Ra8 Kb6 76. Rb8+ Kc7 77. Ra8 Kb7 78. Ng5 Kxa8 79. Nxh7 c1=Q 
80. Nf8 Qc8+ 81. Kf3 Qxf8 82. Kg4 Nd3 83. Kg5 a2 84. Kg6 a1=Q 85. Kh5 Qag7 
86. Kh4 Qfh8# 0-1

[Event "Saturday Night engine Tour 9 Rd Swiss 7m+1s Starts at 2200hrs ST"]
[Site "Infinity Chess"]
[Date "2018.1.20"]
[Round "5"]
[White "ocirema"]
[Black "Murx"]
[Result "1/2-1/2 "]
[ECO "C77"]
[WhiteElo "2509"]
[BlackElo "2515"]
[WhiteEngine "stockfish_18011309_x64_modern_CTG"]
[BlackEngine "BrainFish_180113_x64_modern"]
[EventType "Swiss"]
[WhiteTeam ""]
[BlackTeam ""]
[PlyCount "74"]
[TimeControl "420+1"]

1. e4 e5 2. Nf3 Nc6 3. Bb5 a6 4. Ba4 Nf6 5. O-O Be7 6. Re1 b5 7. Bb3 O-O 
8. a4 b4 9. d4 d6 10. dxe5 Nxe5 11. Nxe5 dxe5 12. Qe2 a5 13. Bg5 Qd4 14. c3 Qb6 
15. Bc4 Rb8 16. Be3 Bc5 17. cxb4 Qxb4 18. Bxc5 Qxc5 19. b3 Rd8 20. Na3 Bb7 
21. Qe3 Qxe3 22. Rxe3 Bxe4 23. f3 Bd5 24. Rxe5 g6 25. Rd1 c6 26. Re7 Rd7 
27. Rxd7 Nxd7 28. Bxd5 cxd5 29. Nb5 Nc5 30. Rxd5 Nxb3 31. g3 Rc8 32. Rd3 Nc1 
33. Rd7 Rc4 34. Rxf7 Kxf7 35. Nd6+ Ke6 36. Nxc4 Nb3 37. f4 Kd5 1/2-1/2

[Event "Saturday Night engine Tour 9 Rd Swiss 7m+1s Starts at 2200hrs ST"]
[Site "Infinity Chess"]
[Date "2018.1.20"]
[Round "5"]
[White "KhalidOmar"]
[Black "Thinker"]
[Result "1/2-1/2"]
[ECO "C77"]
[WhiteElo "2529"]
[BlackElo "2507"]
[WhiteEngine "Eman 1.64c 64-bit BMI2"]
[BlackEngine "BrainFish_180113_x64_modern_CTG"]
[EventType "Swiss"]
[WhiteTeam ""]
[BlackTeam ""]
[PlyCount "91"]
[TimeControl "420+1"]

1. e4 e5 2. Nf3 Nc6 3. Bb5 a6 4. Ba4 Nf6 5. O-O Be7 6. Re1 b5 7. Bb3 O-O 
8. h3 Bb7 9. d3 d5 10. exd5 Nxd5 11. Nxe5 Nd4 12. Nd2 c5 13. Ndf3 Nxb3 
14. axb3 f6 15. Ng4 Qd7 16. d4 cxd4 17. Nxd4 Rfe8 18. Bd2 Bc5 19. Nf3 h5 
20. Ngh2 Qf5 21. c3 Kf8 22. b4 Bb6 23. Rc1 Kf7 24. Rxe8 Rxe8 25. Nd4 Bxd4 
26. cxd4 h4 27. Qc2 Qxc2 28. Rxc2 Re2 29. Kf1 Re7 30. Nf3 g5 31. Ne1 Re4 
32. Nf3 g4 33. hxg4 Rxg4 34. Rc1 Ke6 35. Rc5 Kd6 36. Ke2 Rxg2 37. Nxh4 Rg4 
38. Nf3 Bc6 39. Rc1 Bb7 40. Bc3 Nf4+ 41. Ke3 a5 42. bxa5 Ng2+ 43. Ke2 Nf4+ 
44. Ke3 Nd5+ 45. Ke2 Nf4+ 46. Ke3 1/2-1/2

[Event "Saturday Night engine Tour 9 Rd Swiss 7m+1s Starts at 2200hrs ST"]
[Site "Infinity Chess"]
[Date "2018.1.20"]
[Round "5"]
[White "SkyPilot"]
[Black "Eman"]
[Result "1/2-1/2"]
[ECO "C55"]
[WhiteElo "2537"]
[BlackElo "2511"]
[WhiteEngine "stockfish_x64_bmi2_2018_01_13_CTG"]
[BlackEngine "Eman 1.64c 64-bit POPCNT"]
[EventType "Swiss"]
[WhiteTeam ""]
[BlackTeam ""]
[PlyCount "112"]
[TimeControl "420+1"]

1. e4 e5 2. Nf3 Nc6 3. Bc4 Nf6 4. d3 Bc5 5. c3 a5 6. O-O d6 7. Re1 O-O 
8. Nbd2 Be6 9. Bb5 Ne7 10. d4 Ba7 11. Nf1 exd4 12. Nxd4 Ng6 13. Ba4 h6 
14. Be3 Bc8 15. Ng3 Ng4 16. Ngf5 Bxf5 17. Nxf5 Nxe3 18. Nxe3 Rb8 19. Bc2 b5 
20. g3 b4 21. Kg2 bxc3 22. bxc3 Bxe3 23. Rxe3 Rb2 24. Qc1 Rb6 25. Qa3 Ne5 
26. Bb3 Qa8 27. Qa4 Qa6 28. Rd1 Ng4 29. Ree1 Ne5 30. Re3 Ng4 31. Ree1 Ne5 
32. Rd5 Nd3 33. Re3 Nc5 34. Qc4 Nxb3 35. Qxa6 Rxa6 36. axb3 Re8 37. e5 dxe5 
38. Rdxe5 Rxe5 39. Rxe5 Kf8 40. f4 Rb6 41. Rxa5 Rxb3 42. Rc5 Rb2+ 43. Kh3 Rb7 
44. c4 Ke7 45. Kg4 Kd6 46. Rd5+ Ke6 47. Rf5 Rb2 48. Re5+ Kd7 49. Rd5+ Ke8 
50. Rh5 c6 51. Re5+ Kd7 52. h4 Rb4 53. Rf5 Ke6 54. Re5+ Kd7 55. Rf5 Ke6 
56. Re5+ Kd7 1/2-1/2

[Event "Saturday Night engine Tour 9 Rd Swiss 7m+1s Starts at 2200hrs ST"]
[Site "Infinity Chess"]
[Date "2018.1.20"]
[Round "5"]
[White "Victorious"]
[Black "CoffeeOne"]
[Result "1/2-1/2"]
[ECO "D31"]
[WhiteElo "2521"]
[BlackElo "2546"]
[WhiteEngine "BugChess2.41_Release"]
[BlackEngine "Houdini 6"]
[EventType "Swiss"]
[WhiteTeam ""]
[BlackTeam ""]
[PlyCount "132"]
[TimeControl "420+1"]

1. d4 d5 2. c4 e6 3. Nc3 c6 4. e4 dxe4 5. Nxe4 Bb4+ 6. Nc3 c5 7. Nf3 Nf6 
8. Be2 cxd4 9. Nxd4 O-O 10. O-O Bxc3 11. bxc3 a6 12. Bf4 Re8 13. Nf3 Qa5 
14. Bd6 Nc6 15. Qc2 Ne7 16. Rfe1 Bd7 17. Bd3 Ba4 18. Qb2 Rad8 19. Qa3 Nc8 
20. Bb4 Qc7 21. Ne5 Bc6 22. f3 Nd7 23. Nxc6 Qxc6 24. Be4 Qb6+ 25. c5 Qa7 
26. Rad1 Ne7 27. Qa5 Nc6 28. Bxc6 bxc6 29. Rd6 Rc8 30. h3 e5 31. Ba3 h6 
32. Qb4 Nf6 33. Qh4 e4 34. fxe4 Nd7 35. Qg3 Ne5 36. Rxh6 Rcd8 37. Rh5 Rd3 
38. Qf2 f6 39. Bc1 Rxc3 40. Bb2 Rc4 41. Qg3 Qxc5+ 42. Kh2 Qd6 43. Rf5 Rc2 
44. Bxe5 Rxe5 45. Rb1 Rc3 46. Rxf6 Qxf6 47. Qxc3 Qf4+ 48. Kg1 Qxe4 49. Rb8+ Kf7 
50. Rb7+ Kf8 51. Rb4 Qd5 52. Rd4 Qc5 53. Qxc5+ Rxc5 54. h4 Kf7 55. Ra4 g5 
56. hxg5 a5 57. g6+ Kxg6 58. Kf2 Rf5+ 59. Ke3 Re5+ 60. Kd2 Rg5 61. g4 Kf6 
62. Ke3 Re5+ 63. Kd2 Rd5+ 64. Kc3 Rc5+ 65. Rc4 Rxc4+ 66. Kxc4 Kg5 1/2-1/2

[Event "Saturday Night engine Tour 9 Rd Swiss 7m+1s Starts at 2200hrs ST"]
[Site "Infinity Chess"]
[Date "2018.1.20"]
[Round "5"]
[White "MarioDeMonti"]
[Black "Deep_Impact"]
[Result "1/2-1/2"]
[ECO "C53"]
[WhiteElo "2494"]
[BlackElo "2569"]
[WhiteEngine "stockfish_x64_bmi2_2018_01_13_CTG"]
[BlackEngine "BrainFish_180113_x64_modern"]
[EventType "Swiss"]
[WhiteTeam ""]
[BlackTeam ""]
[PlyCount "177"]
[TimeControl "420+1"]

1. e4 e5 2. Nf3 Nc6 3. Bc4 Bc5 4. c3 Nf6 5. d3 d6 6. O-O a5 7. Re1 O-O 8. h3 h6 
9. a4 Re8 10. Na3 Be6 11. Bb5 Bd7 12. Bd2 Ne7 13. d4 exd4 14. cxd4 Bb4 
15. Bd3 Ng6 16. Nb5 Bc6 17. Qc2 d5 18. e5 Ne4 19. Nc3 Nxd2 20. Qxd2 Bd7 
21. Qe3 c6 22. Rec1 Rc8 23. Na2 Bf8 24. Nc3 Be6 25. Ne2 b6 26. Rf1 Bd7 
27. Rfd1 Qe7 28. b3 Qd8 29. Ng3 Rc7 30. Ne2 Rc8 31. Rac1 Ba3 32. Ra1 Bb4 
33. Rac1 Nf8 34. Nf4 Ba3 35. Ra1 Bb4 36. Rac1 Ba3 37. Rc2 Ne6 38. Nh5 Be7 
39. Bf5 g6 40. Re2 Kh7 41. Bd3 c5 42. Ree1 Rc7 43. g3 Bc8 44. Kh2 Rg8 45. h4 Rh8 
46. Rh1 Kg8 47. Nf4 Nxf4 48. gxf4 cxd4 49. Nxd4 Rc3 50. Kg2 Bc5 51. h5 g5 
52. fxg5 Qxg5+ 53. Qxg5+ hxg5 54. Bf5 Bxf5 55. Nxf5 Rc2 56. Kg3 Rxf2 57. Kg4 d4 
58. Kxg5 Kh7 59. Rhf1 Rxf1 60. Rxf1 Rd8 61. Ng3 Be7+ 62. Kg4 Kg8 63. Ne4 d3 
64. Rd1 Kg7 65. Kf5 Kh6 66. Nf2 d2 67. Ng4+ Kh7 68. Nf6+ Bxf6 69. Kxf6 Kg8 
70. h6 Rd4 71. Kf5 Rd8 72. Kg5 Kh7 73. Kf6 Kg8 74. Kg5 Kh7 75. Kh5 Rd3 
76. Kg5 Kg8 77. Kf5 Kh7 78. Kf6 Rf3+ 79. Kg5 Rf2 80. Rh1 Re2 81. Rd1 b5 
82. axb5 Rxe5+ 83. Kf6 Rxb5 84. Rxd2 Kxh6 85. Rh2+ Rh5 86. Rxh5+ Kxh5 
87. Kxf7 Kg4 88. Ke6 Kf4 89. Kd5 1/2-1/2

[Event "Saturday Night engine Tour 9 Rd Swiss 7m+1s Starts at 2200hrs ST"]
[Site "Infinity Chess"]
[Date "2018.1.20"]
[Round "4"]
[White "Dovahkiin"]
[Black "BraveDevil"]
[Result "1/2-1/2"]
[ECO "A00"]
[WhiteElo "2452"]
[BlackElo "2437"]
[WhiteEngine "BrainFish_180113_x64_modern_CTG"]
[BlackEngine "Cryptic AIL V1"]
[EventType "Swiss"]
[WhiteTeam ""]
[BlackTeam ""]
[PlyCount "111"]
[TimeControl "420+1"]

1. e3 e5 2. e4 Nf6 3. Nc3 Bb4 4. Nf3 O-O 5. Nxe5 d5 6. Nd3 Bxc3 7. dxc3 dxe4 
8. Nf4 Qxd1+ 9. Kxd1 Rd8+ 10. Ke1 Nc6 11. Ne2 h6 12. Ng3 a5 13. f3 Re8 
14. Kf2 Bd7 15. Nxe4 Nxe4+ 16. fxe4 Rxe4 17. Be2 Ne5 18. Re1 Re8 19. Bd2 Ng4+ 
20. Bxg4 Bxg4 21. Rxe4 Rxe4 22. Be3 Rc4 23. Re1 f6 24. Bd4 Rc6 25. b3 b6 
26. c4 Rd6 27. Be3 g5 28. h3 Bf5 29. g4 Bd7 30. c5 bxc5 31. c4 f5 32. gxf5 Bxf5 
33. Kg3 Kf7 34. Bxc5 Rd3+ 35. Re3 Rxe3+ 36. Bxe3 Bb1 37. a3 Ba2 38. Bd2 Bxb3 
39. Bxa5 c6 40. Bd2 Bxc4 41. a4 Bb3 42. a5 Bc4 43. Be3 Kf6 44. h4 Kg6 
45. hxg5 hxg5 46. Bd4 Kf5 47. Bc5 Ke5 48. Be3 Kf5 49. Bc5 Kf6 50. Kf3 Ke5 
51. Be7 Kf5 52. Ke3 Bf1 53. Kd4 Be2 54. Kc5 g4 55. Bd6 Ke4 56. Kxc6 1/2-1/2

[Event "Saturday Night engine Tour 9 Rd Swiss 7m+1s Starts at 2200hrs ST"]
[Site "Infinity Chess"]
[Date "2018.1.20"]
[Round "4"]
[White "AHGST"]
[Black "klasman"]
[Result "1/2-1/2"]
[ECO "C65"]
[WhiteElo "2441"]
[BlackElo "2460"]
[WhiteEngine "EngineDeepShredder13UCIx64"]
[BlackEngine "Raubfisch ME262_GTZ16b2_CTG"]
[EventType "Swiss"]
[WhiteTeam ""]
[BlackTeam ""]
[PlyCount "96"]
[TimeControl "420+1"]

1. e4 e5 2. Nf3 Nc6 3. Bb5 Nf6 4. O-O Nxe4 5. d4 Nd6 6. Bxc6 dxc6 7. dxe5 Nf5 
8. Qxd8+ Kxd8 9. Nc3 Bd7 10. Rd1 Kc8 11. a4 a5 12. b3 Be7 13. Ne2 b6 14. h3 Nh4 
15. Nxh4 Bxh4 16. Bb2 c5 17. c4 Rd8 18. Nf4 Bf5 19. Rxd8+ Bxd8 20. Nd5 Kb7 
21. Kh2 Bc2 22. Ne3 Be4 23. f3 Bg5 24. fxe4 Bf4+ 25. Kh1 Bxe3 26. Rf1 Bd4 
27. Bxd4 cxd4 28. Rxf7 Rd8 29. Kg1 d3 30. Rf1 Rd4 31. Rd1 Kc6 32. Kf2 Rxe4 
33. Rxd3 Rxe5 34. Kf3 Rg5 35. g4 Rg6 36. h4 Rd6 37. Ke3 Rxd3+ 38. Kxd3 Kd6 
39. Kd4 c5+ 40. Ke4 Ke6 41. Kf4 h6 42. h5 Kf6 43. Kf3 g6 44. hxg6 Kxg6 
45. Kg3 Kg5 46. Kf3 Kg6 47. Kg3 Kg5 48. Kf3 Kg6 1/2-1/2

[Event "Saturday Night engine Tour 9 Rd Swiss 7m+1s Starts at 2200hrs ST"]
[Site "Infinity Chess"]
[Date "2018.1.20"]
[Round "4"]
[White "Cepri"]
[Black "star99"]
[Result "1/2-1/2"]
[ECO "A46"]
[WhiteElo "2472"]
[BlackElo "2440"]
[WhiteEngine "asmFishW_12J18Mb_CTG"]
[BlackEngine "Cryptic AIL V1"]
[EventType "Swiss"]
[WhiteTeam ""]
[BlackTeam ""]
[PlyCount "92"]
[TimeControl "420+1"]

1. d4 Nf6 2. Nf3 d5 3. Bf4 Bf5 4. e3 e6 5. Bd3 Bxd3 6. cxd3 Be7 7. Nc3 O-O 
8. h3 Nbd7 9. Qb3 Nb6 10. O-O c6 11. Rac1 Nfd7 12. Bg3 Re8 13. Qc2 a5 14. a3 Rc8 
15. Ne2 Nf8 16. b4 Nbd7 17. Ra1 axb4 18. axb4 Ra8 19. Rfb1 Rxa1 20. Rxa1 Qb6 
21. Qa4 h5 22. Rb1 Ng6 23. Kf1 Rc8 24. Qa5 Qd8 25. Qxd8+ Rxd8 26. b5 Ra8 
27. bxc6 bxc6 28. Rb7 Ra1+ 29. Ne1 h4 30. Bh2 Ngf8 31. Nc3 Rc1 32. Ne2 Ra1 
33. Ng1 f6 34. Ngf3 g5 35. Rc7 c5 36. dxc5 Bxc5 37. d4 Be7 38. g3 hxg3 
39. Bxg3 Kf7 40. Kg2 Ke8 41. Nd3 Ra3 42. Nfe1 Ng6 43. Rc8+ Kf7 44. Rc7 Ke8 
45. Rc8+ Kf7 46. Rc7 Ke8 1/2-1/2

[Event "Saturday Night engine Tour 9 Rd Swiss 7m+1s Starts at 2200hrs ST"]
[Site "Infinity Chess"]
[Date "2018.1.20"]
[Round "4"]
[White "RonWeasley"]
[Black "Thinker"]
[Result "1/2-1/2"]
[ECO "C53"]
[WhiteElo "2505"]
[BlackElo "2507"]
[WhiteEngine "BrainFish 130117_CTG"]
[BlackEngine "BrainFish_180113_x64_modern_CTG"]
[EventType "Swiss"]
[WhiteTeam ""]
[BlackTeam ""]
[PlyCount "230"]
[TimeControl "420+1"]

1. e4 e5 2. Nf3 Nc6 3. Bc4 Bc5 4. c3 Nf6 5. d3 d6 6. Bb3 a6 7. Nbd2 O-O 
8. O-O Ba7 9. Re1 Ng4 10. Re2 Kh8 11. h3 f5 12. exf5 Nh6 13. g4 Nxf5 
14. gxf5 Bxf5 15. Ne4 Bxh3 16. Nfg5 Bg4 17. Kh1 Na5 18. Bf7 Qe7 19. f3 Bxf3+ 
20. Nxf3 Qxf7 21. Nh2 d5 22. Ng5 Qh5 23. Re1 Qxd1 24. Rxd1 h6 25. Ne6 Rf7 
26. Re1 Nc6 27. Be3 Bxe3 28. Rxe3 Re7 29. Nc5 a5 30. Rae1 b6 31. Nb3 a4 
32. Nd2 a3 33. b3 Rf7 34. Rf3 Rff8 35. Rxf8+ Rxf8 36. Nhf3 d4 37. cxd4 exd4 
38. Rc1 Rf6 39. Kg2 Rg6+ 40. Kh2 Rf6 41. Kg2 Rg6+ 42. Kh2 Rf6 43. Kh3 Kg8 
44. Rc4 b5 45. Rc5 Nb4 46. Rxb5 Nxd3 47. Ra5 g5 48. Rxa3 Rf4 49. Kg2 h5 
50. b4 Nxb4 51. Ra5 c5 52. Rxc5 Rg4+ 53. Kf1 Nxa2 54. Nxg5 Nc3 55. Kf2 Rf4+ 
56. Kg2 Ne2 57. Nde4 Rf8 58. Nf3 Nf4+ 59. Kg3 d3 60. Ned2 Kg7 61. Ra5 Kh6 
62. Kf2 Re8 63. Ne5 Nh3+ 64. Kg2 Ng5 65. Ndc4 h4 66. Nxd3 h3+ 67. Kg3 Re2 
68. Nf2 Ne4+ 69. Nxe4 h2 70. Ra1 Rxe4 71. Nd2 Re2 72. Nf3 Kg6 73. Nxh2 Kf5 
74. Nf3 Ke4 75. Ra3 Rb2 76. Ng5+ Kd5 77. Rd3+ Kc4 78. Rd1 Rb3+ 79. Nf3 Rb8 
80. Ne5+ Kc3 81. Rd3+ Kc2 82. Kf4 Rb4+ 83. Kf5 Rb8 84. Rd5 Rf8+ 85. Ke4 Re8 
86. Rd6 Kc3 87. Kf5 Rb8 88. Kf4 Rb4+ 89. Ke3 Rb8 90. Nd3 Re8+ 91. Kf3 Rb8 
92. Ke3 Re8+ 93. Kf3 Kc4 94. Nf2 Kb4 95. Nd3+ Kb5 96. Kg3 Rc8 97. Ne5 Kb4 
98. Rd4+ Ka3 99. Nc4+ Kb3 100. Ne5 Rc3+ 101. Kf4 Rc8 102. Rd7 Rf8+ 103. Ke3 Re8 
104. Kd4 Rf8 105. Rd5 Kb4 106. Nd3+ Kb3 107. Ne5 Kc2 108. Ke3 Re8 109. Kf3 Kb3 
110. Ra5 Kb4 111. Rd5 Kb3 112. Nd3 Rf8+ 113. Nf4 Ka2 114. Kg4 Rg8+ 115. Kf5 Rf8+ 
1/2-1/2

[Event "Saturday Night engine Tour 9 Rd Swiss 7m+1s Starts at 2200hrs ST"]
[Site "Infinity Chess"]
[Date "2018.1.20"]
[Round "4"]
[White "Eman"]
[Black "ocirema"]
[Result "1/2-1/2"]
[ECO "D31"]
[WhiteElo "2511"]
[BlackElo "2509"]
[WhiteEngine "Eman 1.64c 64-bit POPCNT"]
[BlackEngine "stockfish_18011309_x64_modern_CTG"]
[EventType "Swiss"]
[WhiteTeam ""]
[BlackTeam ""]
[PlyCount "108"]
[TimeControl "420+1"]

1. d4 d5 2. c4 e6 3. Nc3 c6 4. Nf3 Nf6 5. Bg5 h6 6. Bxf6 Qxf6 7. e3 Nd7 
8. Bd3 dxc4 9. Bxc4 g6 10. O-O Bg7 11. e4 e5 12. d5 Nb6 13. Bb3 Bg4 14. Re1 Bxf3 
15. Qxf3 Qxf3 16. gxf3 O-O 17. dxc6 bxc6 18. Na4 Rfc8 19. Red1 Rc7 20. Rd6 Nxa4 
21. Bxa4 Bf8 22. Rxc6 Rxc6 23. Bxc6 Rb8 24. b3 Ba3 25. Bd5 Rc8 26. Bc4 Rd8 
27. Re1 Rd2 28. Kg2 Rxa2 29. Rd1 Bc5 30. Rd7 h5 31. Bxf7+ Kg7 32. Be8+ Kf6 
33. Rc7 Bxf2 34. Rc6+ Ke7 35. Bxg6 Bd4+ 36. Kh3 Be3 37. Bxh5 Bf4 38. b4 Kd7 
39. Rg6 Rxh2+ 40. Kg4 Ke7 41. Rg7+ Kf6 42. Rxa7 Rg2+ 43. Kh3 Rh2+ 44. Kg4 Rg2+ 
45. Kh3 Rb2 46. Rf7+ Ke6 47. b5 Rh2+ 48. Kg4 Rg2+ 49. Kh3 Rb2 50. b6 Rh2+ 
51. Kg4 Rg2+ 52. Kh3 Rh2+ 53. Kg4 Rg2+ 54. Kh3 Rh2+ 1/2-1/2

[Event "Saturday Night engine Tour 9 Rd Swiss 7m+1s Starts at 2200hrs ST"]
[Site "Infinity Chess"]
[Date "2018.1.20"]
[Round "4"]
[White "Murx"]
[Black "SkyPilot"]
[Result "1/2-1/2"]
[ECO "A20"]
[WhiteElo "2514"]
[BlackElo "2538"]
[WhiteEngine "BrainFish_180113_x64_modern"]
[BlackEngine "stockfish_x64_bmi2_2018_01_13_CTG"]
[EventType "Swiss"]
[WhiteTeam ""]
[BlackTeam ""]
[PlyCount "179"]
[TimeControl "420+1"]

1. c4 e5 2. g3 Nc6 3. Bg2 Nf6 4. Nc3 Bc5 5. e3 d5 6. cxd5 Nb4 7. d4 exd4 
8. exd4 Be7 9. Nge2 Nbxd5 10. Nf4 Nb6 11. O-O O-O 12. Re1 Re8 13. Qd3 a5 
14. Be3 g6 15. Rad1 Bb4 16. a3 Bf8 17. h3 Bf5 18. Qe2 Ne4 19. Nxe4 Bxe4 
20. Bxe4 Rxe4 21. Qf3 Qe8 22. Bd2 Rxe1+ 23. Rxe1 Qc8 24. Bc3 Bd6 25. Nd5 Nxd5 
26. Qxd5 Bf8 27. h4 c6 28. Qg5 Bg7 29. Re7 Bf8 30. Re3 Bg7 31. h5 h6 
32. Qe7 gxh5 33. Rf3 Qe6 34. Qxb7 Rd8 35. Re3 Qg6 36. Rf3 Qe6 37. Re3 Qg6 
38. Qe7 Rd5 39. Kg2 Bxd4 40. Bxd4 Rxd4 41. Qe5 Rd5 42. Qc3 Kh7 43. Re8 Qg7 
44. Qxc6 Qd4 45. Re3 Rd6 46. Qf3 Kg6 47. b3 Qd5 48. Qxd5 Rxd5 49. a4 Rd2 
50. Re5 Rd3 51. Rb5 f6 52. Rb6 Kg5 53. Rb5+ Kg6 54. Rb6 Rc3 55. Kh3 Kf7 
56. Rb5 Kg6 57. Rxa5 Rxb3 58. Rb5 Ra3 59. Rb4 Ra2 60. Kg2 Kg5 61. Rb5+ f5 
62. Rb4 Kg6 63. Kf3 Kg5 64. Rh4 Ra3+ 65. Ke2 Ra2+ 66. Kf3 Kf6 67. Rxh5 Rxa4 
68. Rxh6+ Kg5 69. Re6 Ra2 70. Rc6 Ra7 71. Rc2 Ra3+ 72. Kg2 Kg4 73. Rc8 Kg5 
74. f4+ Kg6 75. Kh3 Ra1 76. Rc6+ Kf7 77. Kh4 Ra2 78. Kg5 Ra3 79. Rc7+ Ke6 
80. Kh4 Ra1 81. Kg5 Ra3 82. Kh4 Ra1 83. Rc4 Kf6 84. Rc6+ Kf7 85. Rc8 Ke7 
86. Kg5 Ra3 87. Kxf5 Rxg3 88. Rc7+ Kf8 89. Kf6 Kg8 90. f5 1/2-1/2